 Dungeon Crawl Stone Soup version 0.28-a0-1087-gf3fc490d9d (webtiles) character file.

Game seed: 7476471699593030501

9992 ytrimaz the Martial Artist (level 11, -18/72 HPs)
             Began as an Octopode Transmuter on Dec 10, 2021.
             Killed from afar by a wretched star (29 damage)
             ... with a lance of force
             ... on level 3 of the Abyss.
             The game lasted 00:12:28 (13554 turns).

ytrimaz the Martial Artist (Octopode Transmuter)   Turns: 13554, Time: 00:12:29

Health: -18/72     AC: 12    Str: 11    XL:     11   Next: 55%
Magic:  19/19      EV: 10    Int: 20    God:
Gold:   544        SH:  5    Dex:  9    Spells: 17/27 levels left

rFire   x . .      SeeInvis .     - Unarmed
rCold   + + +      Faith    .   (shield currently unavailable)
rNeg    . . .      Spirit   .   (helmet currently unavailable)
rPois   +          Reflect  +   E - amulet of reflection
rElec   .          Harm     .   d - +4 ring of slaying
rCorr   .          Rampage  .   b - +4 ring of protection
Will    .....      Rage     9%  g - ring "Vuywemn" {rPois Stlth+}
Stlth   ++........              B - +6 ring of strength
HPRegen 0.22/turn               (no ring)
MPRegen 0.16/turn               (no ring)
                                (no ring)
                                (no ring)

@: ice-form, very slightly contaminated
A: freezing attack, boosted hp, almost no armour, amphibious, 8 rings, large,
(camouflage 1), (gelatinous body 1), (nimble swimmer 1), (tentacles),
(iridescent scales 1), [berserk 3], [clumsy 2], [deterioration 2], [frail 2],
[low mp 2], [weak 2]
a: End Transformation


You were on level 3 of the Abyss.
You were a creature of crystalline ice.
You visited 2 branches of the dungeon, and saw 11 of its levels.
You visited the Abyss 1 time.

You collected 544 gold pieces.

Inventory:

Missiles
 m - 9 throwing nets
Armour
 j - the +1 hat of Absence (melded) {rPois rN+}
   (You acquired it on level 3 of the Dungeon)

   rPois:     It protects you from poison.
   rN:        It protects you from negative energy.
Jewellery
 b - a +4 ring of protection (right front paw)
 d - a +4 ring of slaying (left front paw)
 g - the ring "Vuywemn" (on tentacle) {rPois Stlth+}
   (You acquired it on level 9 of the Dungeon)

   [ring of poison resistance]

   rPois:     It protects you from poison.
   Stlth:     It makes you more stealthy.
 q - an amulet of magic regeneration
 B - a +6 ring of strength (on tentacle)
 E - an amulet of reflection (around neck)
Wands
 e - a wand of iceblast (8)
 k - a wand of polymorph (13)
 o - a wand of paralysis (11)
 y - a wand of charming (5)
 z - a wand of flame (11)
 D - a wand of mindburst (12)
Scrolls
 i - 2 scrolls of amnesia
 l - a scroll of magic mapping
 n - 2 scrolls of blinking
 p - 4 scrolls of enchant weapon
 s - a scroll of fear
 w - a scroll of enchant armour
 A - 4 scrolls of teleportation
 C - a scroll of identify
Potions
 a - 3 potions of might
 c - a potion of cancellation {unknown}
 f - 3 potions of curing
 h - 3 potions of attraction
 r - a potion of invisibility {unknown}
 t - 5 potions of haste
 u - 2 potions of lignification {unknown}
 v - a potion of brilliance {unknown}
 x - 2 potions of mutation


   Skills:
 * Level 7.0 Fighting
 - Level 2.0 Dodging
 + Level 0.3 Shields
 + Level 11.1 Unarmed Combat
 * Level 8.8 Spellcasting
 * Level 8.8 Transmutations


You had 17 spell levels left.
You knew the following spells:

 Your Spells              Type           Power      Damage    Failure   Level
a - Beastly Appendage     Tmut           88%        N/A       1%          1
b - Wereblood             Tmut           44%        N/A       1%          2
c - Spider Form           Tmut/Pois      26%        N/A       3%          3
d - Ice Form              Ice/Tmut       26%        N/A       13%         4

Your spell library contained the following spells:

 Spells                   Type           Power      Damage    Failure   Level
 Scorch                   Fire           16%        2d6       12%         2
 Sublimation of Blood     Necr           8%         N/A       12%         2
 Frozen Ramparts          Ice            16%        1d3       24%         3
 Flame Wave               Conj/Fire      8%         2d4       61%         4
 Olgreb's Toxic Radiance  Pois           8%         N/A       61%         4
 Summon Ice Beast         Ice/Summ       8%         N/A       61%         4
 Summon Cactus Giant      Summ           4%         N/A       100%        6
 Ozocubu's Refrigeration  Ice            4%         4d5       100%        7
 Summon Hydra             Summ           4%         N/A       100%        7
 Ignition                 Fire           4%         3d4       100%        8


Dungeon Overview and Level Annotations

Branches:
Dungeon (10/15)            Temple (1/1) D:6
   Lair: D:8-11         Orc: D:9-12

Altars:
Cheibriados
Dithmenos
Elyvilon
Fedhas
Gozag
Hepliaklqana
Kikubaaqudgha
Makhleb
Nemelex Xobeh
Okawaru
Qazlal
Ru
Sif Muna
Trog
Uskayaw
Vehumet
Wu Jian
Xom
Yredelemnul
The Shining One

Shops:
D:2 (

Annotations:
D:10 3 runed translucent doors, DrKleor's ghost, novice DsFi


Innate Abilities, Weirdness & Mutations

You are a creature of crystalline ice.
You have a powerful freezing melee attack.
Your maximum health is increased.
Your armour is entirely melded.
You are incapable of wielding weapons or throwing items.
You cannot wear most types of armour.
You are amphibious.
You can wear up to eight rings at the same time.
((Your skin changes colour to match your surroundings (Stealth+).))
((Your rubbery body absorbs attacks. (AC +1, EV +1)))
((You are camouflaged near water. (Stealth+)))
((You have tentacles for arms and can constrict up to eight enemies at once.))
((You are partially covered in iridescent scales. (AC +2)))
[You have an uncontrollable temper.]
[You are very clumsy. (Dex -4)]
[Your body often deteriorates upon taking damage.]
[You are very frail. (-20% HP)]
[Your magical capacity is very low. (-20% MP)]
[You are very weak. (Str -4)]


Message History

You destroy the spriggan defender zombie!
Your life force feels restored.
Unknown command.
A wretched star comes into view.
Casting: Ice Form (dangerous; 13% risk of failure)
Confirm with . or Enter, or press ? or * to list all spells.
You miscast Ice Form.
You are very lightly contaminated with residual magic.
You are encased in ice.
You resist.
The wretched star pulses with an eldritch light!
You feel a little pissed off.
You feel angry.
The wretched star pulses with an eldritch light!
You feel less energetic. x2; You feel extremely angry at everything!
You hit the wretched star.
The wretched star is lightly damaged.
The wretched star glows turbulently.
The lance of force hits you!
You are knocked back by the lance of force.
You slam into the rock wall!
A blink frog comes into view.
The wretched star pulses with an eldritch light!
You feel yourself wasting away.
You feel your body start to fall apart.
You feel weaker. x2
You see here 19 bolts.
The blink frog blinks!
You punch the wretched star! You freeze the wretched star.
The wretched star is moderately damaged.
The wretched star glows turbulently.
The lance of force hits you!!
* * * LOW HITPOINT WARNING * * *
You are knocked back by the lance of force.
You slam into the rock wall!
* * * LOW HITPOINT WARNING * * *
The wretched star pulses with an eldritch light!
You feel frail. x2; You feel clumsy. x2
You see here 19 bolts.
You feel better.
The wretched star glows turbulently.
The lance of force hits you!!
You die...

#. # . .... ##.## # .
.. . . #....# # # #
..#......####.# . ###
. . .......##.##.#.
.... ..
........#....#.......
. .....#*...###.....
.. ..
#.....#.........
.......#..Y........ .
#......##....##(... .
# ##.......#.##.#.##
...# #.....#..#. #..
.. . # #...##... . .
#... .. . . ##.# ## #
#... # #. .. . ..# #.
. . . . #


You could see a wretched star.

Vanquished Creatures
  Harold (D:9)
  A hydra (D:8)
  2 two-headed ogres
  2 ugly things
  A spriggan zombie (Abyss:3)
  Maggie (D:8)
  A hornet (D:10)
  A wraith (D:9)
  A shadow (Abyss:3)
  8 yaks (D:9)
  A wyvern (D:10)
  A steam dragon (D:7)
  A water moccasin (D:9)
  5 orc warriors
  2 ice beasts (D:6)
  2 black bears
  2 necrophages (D:6)
  A sky beast (D:8)
  3 ogres
  5 centaurs
  A kobold brigand (D:7)
  2 bullfrogs
  A gnoll sergeant (D:8)
  3 scorpions
  2 water moccasin skeletons
  14 wights (D:7)
  5 killer bees (D:9)
  An electric eel (D:9)
  6 howler monkeys
  2 centaur zombies
  A jelly (D:6)
  7 orc priests
  3 centaur skeletons
  A gnoll shaman (D:6)
  An iguana (D:7)
  5 orc wizards
  A killer bee zombie (D:7)
  A howler monkey zombie (D:8)
  A howler monkey skeleton (D:4)
  6 adders
  11 gnolls
  2 white imps (D:7)
  2 ufetubi (D:6)
  An adder skeleton (D:4)
  3 worms
  33 orcs
  9 ball pythons
  6 bats
  10 endoplasms
  A giant cockroach (D:2)
  9 goblins
  8 hobgoblins
  4 jackals (D:2)
  8 kobolds
  A quokka (D:2)
  6 frilled lizards
  3 rats
223 creatures vanquished.

Vanquished Creatures (others)
  A worm (D:3)
  A ball python (D:3)
  A rat (D:3)
  9 fungi (D:10)
  5 plants (D:10)
17 creatures vanquished.

Grand Total: 240 creatures vanquished

Notes
Turn   | Place    | Note
-------+----------+-------------------------------------------
     0 | D:1      | ytrimaz the Octopode Transmuter began the quest for the
                  | Orb.
     0 | D:1      | Reached XP level 1. HP: 13/13 MP: 3/3
    81 | D:1      | Reached XP level 2. HP: 5/18 MP: 5/5
   321 | D:1      | Learned a level 2 spell: Wereblood
  1161 | D:1      | Reached XP level 3. HP: 4/23 MP: 6/6
  1165 | D:1      | Learned a level 3 spell: Spider Form
  1838 | D:2      | Found a faded altar of an unknown god.
  1849 | D:2      | Reached XP level 4. HP: 24/28 MP: 5/8
  1985 | D:2      | Found a shimmering altar of Xom.
  2120 | D:2      | Found Yviazu Ypto's Antique Weapon Shop.
  2435 | D:2      | Reached XP level 5. HP: 31/34 MP: 9/9
  2506 | D:2      | Learned a level 4 spell: Ice Form
  2857 | D:3      | Reached skill level 4 in Unarmed Combat
  2917 | D:3      | Found an ornate altar of the Wu Jian Council.
  3028 | D:3      | Found a white marble altar of Elyvilon.
  3374 | D:3      | Identified a scroll of acquirement
  3374 | D:3      | Acquired the +1 hat of Absence {rPois rN+}
  3523 | D:4      | Reached XP level 6. HP: 36/41 MP: 11/11
  4049 | D:4      | Found a blossoming altar of Fedhas.
  4052 | D:4      | Found a basalt altar of Yredelemnul.
  4205 | D:4      | Found a hazy altar of Hepliaklqana.
  4320 | D:5      | Entered Level 5 of the Dungeon
  4446 | D:5      | Reached XP level 7. HP: 17/45 MP: 13/13
  4693 | D:5      | Reached skill level 5 in Unarmed Combat
  5585 | D:6      | Reached skill level 6 in Unarmed Combat
  5585 | D:6      | Reached XP level 8. HP: 38/52 MP: 13/15
  5694 | D:6      | Found a hide-covered altar of Uskayaw.
  5713 | D:6      | Reached skill level 5 in Spellcasting
  6079 | D:6      | Found a staircase to the Ecumenical Temple.
  6216 | Temple   | Entered the Ecumenical Temple
  6452 | D:6      | Noticed a two-headed ogre
  6503 | D:5      | Killed a two-headed ogre
  6504 | D:5      | Reached skill level 7 in Unarmed Combat
  6504 | D:5      | Reached skill level 5 in Transmutations
  6504 | D:5      | Reached XP level 9. HP: 5/59 MP: 15/17
  7827 | D:7      | Reached skill level 8 in Unarmed Combat
  7942 | D:7      | You fall into a shaft and drop 3 floors!
  7942 | D:10     | Entered Level 10 of the Dungeon
  7942 | D:10     | Noticed a two-headed ogre
  7942 | D:10     | Found a shadowy altar of Dithmenos.
  7943 | D:10     | Found a glowing golden altar of the Shining One.
  8011 | D:10     | Reached skill level 5 in Fighting
  8132 | D:10     | Found a runed translucent gate.
  8132 | D:10     | Found a runed translucent gate.
  8132 | D:10     | Found a runed translucent gate.
  8135 | D:10     | Noticed DrKleor's ghost (novice DsFi)
  8388 | D:10     | Found an iron altar of Okawaru.
  8464 | D:10     | Noticed a hornet
  8467 | D:10     | Paralysed by a hornet for 2 turns
  8476 | D:10     | Killed a hornet
  8810 | D:10     | Noticed a white ugly thing
  8832 | D:10     | Killed a white ugly thing
  8833 | D:10     | Reached XP level 10. HP: 39/66 MP: 20/20
  8988 | D:10     | Noticed a wizard
  9070 | D:9      | Acquired the ring "Vuywemn" {rPois Stlth+}
  9100 | D:9      | Reached skill level 9 in Unarmed Combat
  9338 | D:9      | Noticed a two-headed ogre
  9357 | D:9      | HP: 2/81 [two-headed ogre (22)]
  9358 | D:9      | Killed a two-headed ogre
  9809 | D:9      | Identified the +7 hand axe "Killer Klown's Curse" {vorpal,
                  | Str+2}
  9988 | D:9      | Reached skill level 10 in Unarmed Combat
 10342 | D:9      | Found an opulent altar of Gozag.
 10497 | D:9      | Noticed Harold
 10513 | D:9      | Killed Harold
 10514 | D:9      | Reached XP level 11. HP: 65/74 MP: 16/23
 10773 | D:8      | Noticed a cyan ugly thing
 10793 | D:8      | Killed a cyan ugly thing
 11454 | D:8      | Noticed an eight-headed hydra
 11466 | D:8      | Killed an eight-headed hydra
 11694 | D:8      | Found a sparkling altar of Nemelex Xobeh.
 11986 | D:8      | Noticed Maggie
 11995 | D:8      | Killed Maggie
 12179 | D:8      | Gained mutation: You are partially covered in iridescent
                  | scales. (AC +2) [potion of mutation]
 12366 | D:7      | HP: 4/81 [wight (10)]
 12918 | D:7      | Reached skill level 11 in Unarmed Combat
 13434 | D:10     | Cast into level 3 of the Abyss (a wizard)
 13542 | Abyss:3  | Noticed a wretched star
 13552 | Abyss:3  | HP: 4/90 [rock wall collision (18)]
 13554 | Abyss:3  | Killed from afar by a wretched star

Illustrated notes

Levels and vault maps discovered:
D:1:      minmay_arrival_diagonal_passages, layout_loops_ring
D:2:      layout_rooms, basic_altar, serial_shops, nicolae_shop_waterfront,
          hellmonk_ecumenical_altar_run_dry, minmay_cut_off
D:3:      minmay_wonky_spiral, layout_loops_ring,
          mainiacjoe_overflow_concentric_impassable, elyvilon_altar_4
D:4:      layout_cave_pools, nzn_hepliaklqana_mist_gate,
          nicolae_overflow_hidden_temple, hangedman_abyss_or_decor_stabs
D:5:      layout_basic
D:6:      layout_loops_cross, eat_drink_and_be_merry_uskayaw, temple_fountains,
          nicolae_figureground_pulse
D:7:      layout_basic
D:8:      layout_cave_pods, nemelex_diamond_rough_becter,
          chequers_serial_rivers_room_a, minmay_crossroads, uniq_maggie
D:9:      layout_gridville, mainiacjoe_overflow_alcove_2, enter_bailey_8,
          minmay_hedge_maze, kennysheep_generic_room_2, uniq_harold
D:10:     layout_irregular_city, tso_metal_star, mainiacjoe_overflow_24_doors,
          nicolae_dithmenos_through_a_glass_darkly,
          grunt_lair_entry_orc_guard_hut, biasface_ghost_orc_armoury,
          minmay_diamond_spiral, uniq_joseph
Temple:   compressed_dpeg_triangle_lava_temple
Abyss:3:  base: D:7, eino_small_chamber_without_monster,
          hangedman_stitches_earthworm

Skill      XL: |  1  2  3  4  5  6  7  8  9 10 11 |
---------------+----------------------------------+-----
Spellcasting   | 3 4 5 7 8 |  8.8
Transmutations | 3 4 5 6 8 |  8.8
Fighting       | 2 3 4 5 6 7 |  7.0
Unarmed Combat | 4 6 7 8 10 11 | 11.1
Dodging        | |  2.0
Shields        | |  0.3

Action                   |  1- 3 |  4- 6 |  7- 9 | 10-12 || total
-------------------------+-------+-------+-------+-------++-------
Melee: Unarmed           |    45 |   139 |   163 |   224 ||   571
       Constrict         |    15 |    31 |    10 |     4 ||    60
       Kick              |     6 |    17 |     8 |       ||    31
       Tentacles         |     5 |    19 |     6 |     4 ||    34
       Punch             |     1 |     4 |     2 |     1 ||     8
 Cast: Beastly Appendage |    13 |    23 |     6 |     1 ||    43
       Spider Form       |     1 |       |     9 |     2 ||    12
       Wereblood         |       |     1 |     3 |     2 ||     6
       Ice Form          |       |       |    11 |    31 ||    42
  Use: Scroll            |     2 |     6 |    10 |     6 ||    24
       Potion            |       |       |       |     3 ||     3
 Stab: Sleeping          |     4 |     8 |     3 |     2 ||    17
       Distracted        |       |     1 |       |       ||     1
Armor: Skin              |    14 |    30 |    38 |    78 ||   160
Dodge: Dodged            |    33 |    77 |   114 |    95 ||   319
Block: Other             |       |       |       |    17 ||    17
       Reflection        |       |       |       |     2 ||     2

Table legend: (Time is in decaauts)
 A = Elapsed time spent in this place.
 B = Non-inter-level travel time spent in this place.
 C = Inter-level travel time spent in this place.
 D = Time resting spent in this place.
 E = Time spent auto-exploring this place.
 F = Levels seen in this place.
 G = Mean time per level.
                   A        B        C        D        E       F      G
               +--------+--------+--------+--------+--------+-----+--------+
         Total |  13483 |  13055 |    428 |   2078 |   8924 |  12 | 1123.6 |
       Dungeon |  13175 |  12766 |    409 |   2078 |   8689 |  10 | 1317.5 |
        Temple |    192 |    173 |     19 |      0 |    165 |   1 |  192.0 |
         Abyss |    114 |    114 |      0 |      0 |     70 |   1 |  114.0 |
               +--------+--------+--------+--------+--------+-----+--------+

Top non-repeatable levels by time:
     D:6: 1869 daAuts
     D:9: 1696 daAuts
     D:5: 1583 daAuts
     D:1: 1578 daAuts
     D:8: 1502 daAuts
    D:10: 1145 daAuts
     D:7: 1069 daAuts
     D:2: 956 daAuts
     D:3: 946 daAuts
     D:4: 827 daAuts
  Temple: 192 daAuts
 Abyss:3: 114 daAuts
